 Dungeon Crawl Stone Soup version 0.21.1-1-g345015f (webtiles) character file.

77 diana the Slasher (level 4, 0/52 HPs)
             Began as a Demonspawn Berserker on May 30, 2018.
             Was a Follower of Trog.
             Slain by a worm (5 damage)
             ... on level 2 of the Dungeon.
             The game lasted 00:01:55 (1242 turns).

diana the Slasher (Demonspawn Berserker)            Turns: 1242, Time: 00:01:56

Health: 0/52       AC:  2    Str: 23    XL:     4   Next: 13%
Magic:  0/4        EV: 12    Int:  9    God:    Trog [*.....]
Gold:   103        SH:  0    Dex: 12    Spells: 3/3 levels left

rFire    . . .     SeeInvis .   a - +0 falchion
rCold    . . .     Gourm    .   (no shield)
rNeg     . . .     Faith    .   b - +0 animal skin
rPois    .         Spirit   +   (helmet restricted)
rElec    .         Reflect  .   (no cloak)
rCorr    .         Harm     .   (no gloves)
MR       .....                  (no boots)
Stlth    ..........             (no amulet)
HPRegen  0.17/turn              (no ring)
MPRegen  0.09/turn              (no ring)

@: berserking, very quick
A: antennae 1, powered by death 1, magic shield
a: Berserk, Burn Spellbooks, Renounce Religion


You were on level 2 of the Dungeon.
You worshipped Trog.
Trog was aware of your devotion.
You were not hungry.

You visited 1 branch of the dungeon, and saw 2 of its levels.

You collected 103 gold pieces.

Inventory:

Hand Weapons
 a - a +0 falchion (weapon)
Armour
 b - a +0 animal skin (worn)
Jewellery
 j - an uncursed amulet of guardian spirit {unknown}
Scrolls
 e - 2 scrolls of identify {unknown}
 f - a scroll of enchant weapon {unknown}
Potions
 d - a potion of mutation {unknown}
 g - 2 potions of curing {unknown}
 h - a potion of agility {unknown}
 i - a potion of flight {unknown}
 k - a potion of heal wounds {unknown}
Comestibles
 c - 4 rations


   Skills:
 - Level 3.1 Fighting
 * Level 4.4 Long Blades
 - Level 1.8 Armour
 - Level 1.8 Dodging


You had 3 spell levels left.
You didn't know any spells.

Dungeon Overview and Level Annotations

Branches:
Dungeon (2/15)

Altars:

Annotations:
D:2 Natasha


Innate Abilities, Weirdness & Mutations

You have a pair of small antennae on your head.
You regenerate a little health from kills.
When hurt, damage is shared between your health and your magic reserves.


Message History

Natasha is lightly wounded.
Natasha mumbles some strange words.
You hit Natasha.
Natasha is moderately wounded.
The worm closely misses you. Natasha claws you but does no damage.
You barely miss Natasha.
Natasha is moderately wounded.
The shadow imp gestures at you. Pain shoots through your body!
* * * LOW HITPOINT WARNING * * *
You miss Natasha.
Natasha is moderately wounded.
Natasha mumbles some strange words.
You feel disoriented. Natasha closely misses you. The shadow imp hits you.
* * * LOW HITPOINT WARNING * * *
You hit Natasha but do no damage.
Natasha is moderately wounded.
The worm bites you.
You die...

.####........#######
....'......)........
#.###....)......###
..###..()(......# # .
........(##.....# .# ..
..######.##.....###.#...
..# #.#######........
#.# #.# #5....... #.#
#.# #@....... #.# #..
#wh...### #.# ##.
#.....# ..# . #.....#
### .. #.....# #.....#
## ##..... .# .>.... .#


You could see a worm, Natasha and a shadow imp.

Vanquished Creatures
  Terence (D:2)
  A gnoll (D:1)
  An adder (D:2)
  2 worms
  A dart slug (D:1)
  A leopard gecko (D:1)
  A ball python (D:1)
  3 giant cockroaches (D:1)
  2 hobgoblins
  2 bats (D:1)
  A frilled lizard (D:1)
  3 goblins
  3 kobolds
  3 rats
25 creatures vanquished.

Notes
Turn   | Place    | Note
-------+----------+-------------------------------------------
     0 | D:1      | diana the Demonspawn Berserker began the quest for the Orb.
     0 | D:1      | Reached XP level 1. HP: 18/18 MP: 1/1
    67 | D:1      | Reached skill level 3 in Long Blades
   130 | D:1      | Gained mutation: You have a pair of small antennae on your head. [demonic ancestry]
   130 | D:1      | Reached XP level 2. HP: 24/24 MP: 2/2
   641 | D:1      | Gained mutation: You regenerate a little health from kills. [demonic ancestry]
   641 | D:1      | Reached XP level 3. HP: 18/29 MP: 3/3
  1010 | D:2      | Reached skill level 4 in Long Blades
  1224 | D:2      | Noticed Terence
  1227 | D:2      | Noticed Natasha
  1236 | D:2      | Killed Terence
  1236 | D:2      | Gained mutation: When hurt, damage is shared between your health and your magic reserves. [demonic ancestry]
  1236 | D:2      | Reached XP level 4. HP: 13/35 MP: 4/4
  1242 | D:2      | Slain by a worm

Skill      XL: |  1  2  3 |
---------------+----------+-----
Long Blades    | 3 4 |  4.4
Fighting       | |  3.1
Armour         | |  1.8
Dodging        | |  1.8

Action                   |  1- 3 |  4- 6 || total
-------------------------+-------+-------++-------
Melee: Falchion          |    70 |     6 ||    76
Invok: Berserk           |     2 |       ||     2
 Stab: Sleeping          |     1 |       ||     1
  Eat: Ration            |     1 |       ||     1
Armor: Animal skin       |    12 |     1 ||    13
Dodge: Dodged            |    45 |     2 ||    47
       Rpst.: Falchion   |    14 |       ||    14
